[Event "ICC tourney 2459 (45 10)"]
[Site "Internet Chess Club"]
[Date "2021.03.20"]
[Round "1"]
[White "PATEL, SOHAM:SPBrain"]
[Black "HUA, OLIVER:oxdidi"]
[Result "1-0"]
[ICCResult "Black checkmated"]
[WhiteElo "1241"]
[BlackElo "993"]
[Opening "Ruy Lopez: 5.O-O"]
[ECO "C78"]
[NIC "RL.12"]
[Time "11:01:47"]
[PlyCount "41"]
[TimeControl "2700+10"]

1. e4 e5 2. Nf3 Nc6 3. Bb5 a6 4. Ba4 Nf6 5. O-O b5 6. Bb3 Bc5 7. c3 O-O 8.
d4 exd4 9. cxd4 Bb4 10. e5 Ne8 11. a3 Ba5 12. Bg5 Nf6 13. exf6 gxf6 14. Bh6
Re8 15. Nh4 d5 16. Qf3 Kh8 17. Bxd5 Nxd4 18. Qh5 Ne6 19. Qxf7 Qe7 20. Bxe6
Bxe6 21. Bg7# { Black checkmated } 1-0

[Event "ICC tourney 2459 (45 10)"]
[Site "Internet Chess Club"]
[Date "2021.03.20"]
[Round "1"]
[White "KARLIN, ARI Z.:arikarlin1"]
[Black "CAO, DANIEL:danielcao"]
[Result "0-1"]
[ICCResult "White checkmated"]
[WhiteElo "259"]
[BlackElo "1121"]
[Opening "Sicilian: Labourdonnais-Löwenthal variation"]
[ECO "B32"]
[NIC "SI.32"]
[Time "11:01:41"]
[PlyCount "48"]
[TimeControl "2700+10"]

1. e4 c5 2. Nf3 Nc6 3. d4 cxd4 4. Nxd4 e5 5. Nf3 Nf6 6. Bg5 h6 7. Bh4 Be7
8. Nc3 O-O 9. Bc4 Nxe4 10. Bxe7 Nxc3 11. Bxd8 Nxd1 12. Bc7 Nxb2 13. Bb3 b5
14. Nxe5 Nxe5 15. O-O Nc6 16. Rab1 Nc4 17. Bxc4 bxc4 18. Rfd1 Re8 19. f3
Re2 20. Rb2 c3 21. Kf1 Ba6 22. Rb3 Rd2+ 23. Ke1 Re8+ 24. Be5 Rxe5# { White
checkmated } 0-1

[Event "ICC tourney 2459 (45 10)"]
[Site "Internet Chess Club"]
[Date "2021.03.20"]
[Round "1"]
[White "HELLER, JACK G:Maximusiv"]
[Black "BAREKET, NIMROD:nb12"]
[Result "0-1"]
[ICCResult "White resigns"]
[WhiteElo "932"]
[BlackElo "1212"]
[Opening "Evans gambit"]
[ECO "C52"]
[NIC "IG.05"]
[Time "11:02:01"]
[PlyCount "26"]
[TimeControl "2700+10"]

1. e4 e5 2. Nf3 Nc6 3. Bc4 Bc5 4. b4 Bxb4 5. c3 Ba5 6. d4 exd4 7. O-O Nge7
8. Bxf7+ Kxf7 9. Ng5+ Ke8 10. Qb3 d5 11. exd5 Qxd5 12. c4 Qf5 13. Re1 Bxe1
{ White resigns } 0-1

[Event "ICC tourney 2459 (45 10)"]
[Site "Internet Chess Club"]
[Date "2021.03.20"]
[Round "1"]
[White "REITZ, BARTLEY:reitzbart"]
[Black "Chandler, Brooks :Tebow2Baker"]
[Result "0-1"]
[ICCResult "White checkmated"]
[WhiteElo "984"]
[BlackElo "1226"]
[Opening "Queen's pawn game"]
[ECO "A45"]
[NIC "OI.08"]
[Time "11:01:46"]
[PlyCount "44"]
[TimeControl "2700+10"]

1. d4 Nf6 2. Nc3 c5 3. d5 d6 4. e4 e5 5. Nf3 Be7 6. h3 Nbd7 7. Bg5 O-O 8.
Qd2 a6 9. O-O-O Qa5 10. Kb1 b5 11. Ne2 b4 12. Nc1 Nxe4 13. Qd3 Nxg5 14.
Nxg5 Bxg5 15. h4 Bxc1 16. Rxc1 Nb6 17. Qe4 f5 18. Qf3 c4 19. Be2 c3 20. b3
Qa3 21. Qxc3 bxc3 22. Rh3 Qb2# { White checkmated } 0-1

[Event "ICC tourney 2459 (45 10)"]
[Site "Internet Chess Club"]
[Date "2021.03.20"]
[Round "1"]
[White "Bylund, Anders:ashshy"]
[Black "Goldblatt, Steven:SGOLD9367"]
[Result "0-1"]
[ICCResult "White resigns"]
[WhiteElo "1045"]
[BlackElo "1318"]
[Opening "French: advance, Paulsen attack"]
[ECO "C02"]
[NIC "FR.03"]
[Time "11:01:42"]
[PlyCount "60"]
[TimeControl "2700+10"]

1. e4 e6 2. d4 d5 3. e5 c5 4. c3 Nc6 5. Nf3 Qb6 6. a4 Bd7 7. Bb5 cxd4 8.
Bxc6 bxc6 9. Nxd4 c5 10. Ne2 Ne7 11. O-O Nc6 12. f4 c4+ 13. Nd4 Bc5 14. Be3
Qxb2 15. Nd2 Qxc3 16. Rf3 Bxd4 17. Bxd4 Qxd4+ 18. Kh1 Rb8 19. Rg3 Rb2 20.
Nf3 Qxd1+ 21. Rxd1 c3 22. Ng1 c2 23. Rc1 Nb4 24. Rc3 O-O 25. Rc7 Bxa4 26.
Rxa7 Nd3 27. Ne2 Nxc1 28. Nxc1 Rb1 29. h3 Rxc1+ 30. Kh2 Ra1 { White resigns
} 0-1

[Event "ICC tourney 2459 (45 10)"]
[Site "Internet Chess Club"]
[Date "2021.03.20"]
[Round "1"]
[White "BYLUND, ANDREW:khacs"]
[Black "McQuillin, Danil Alsandair:DanilMcQuillin"]
[Result "0-1"]
[ICCResult "White resigns"]
[WhiteElo "893"]
[BlackElo "1193"]
[Opening "Four knights: Italian variation"]
[ECO "C55"]
[NIC "IG.01"]
[Time "11:01:51"]
[PlyCount "42"]
[TimeControl "2700+10"]

1. e4 e5 2. Nf3 Nc6 3. Bc4 Nf6 4. Nc3 Nxe4 5. Nxe4 d5 6. Bb3 dxe4 7. Ng1
Bc5 8. d3 O-O 9. Be3 Bxe3 10. fxe3 Qg5 11. Qd2 Bf5 12. Nh3 Qh5 13. Nf2 Rad8
14. Bc4 exd3 15. cxd3 Qg6 16. Rg1 e4 17. d4 Nxd4 18. exd4 e3 19. Qd3 exf2+
20. Kxf2 Bxd3 21. Bxd3 Qxd3 { White resigns } 0-1

[Event "ICC tourney 2459 (45 10)"]
[Site "Internet Chess Club"]
[Date "2021.03.20"]
[Round "1"]
[White "SIMPSON, CHARLES D:The-Rider"]
[Black "MALONE, STEVEN CURTIS:YucaipaSteve"]
[Result "0-1"]
[ICCResult "White resigns"]
[WhiteElo "1204"]
[BlackElo "912"]
[Opening "Queen's pawn"]
[ECO "A40"]
[NIC "QO.17"]
[Time "11:01:45"]
[PlyCount "56"]
[TimeControl "2700+10"]

1. d4 e6 2. Nf3 d5 3. Bf4 Bd6 4. Ne5 f6 5. Nd3 e5 6. dxe5 fxe5 7. Bxe5 Bxe5
8. Nxe5 Nf6 9. e3 O-O 10. Nc3 c5 11. Bd3 b6 12. O-O Bb7 13. Qe2 Nc6 14.
Nxc6 Bxc6 15. b3 Qd7 16. a4 Rae8 17. Rad1 d4 18. g3 dxc3 19. Bxh7+ Kxh7 20.
Rxd7 Bxd7 21. Qd3+ Kg8 22. Qxc3 Nd5 23. Qc4 Be6 24. Rd1 Nxe3 25. Qe2 Nxd1
26. Qxd1 Rf7 27. Qd6 Rd7 28. Qc6 Bd5 { White resigns } 0-1

[Event "ICC tourney 2459 (45 10)"]
[Site "Internet Chess Club"]
[Date "2021.03.20"]
[Round "1"]
[White "CONNEEN, CHARLIE CHARLES:ukdl"]
[Black "HAUGHT-TROMP, MATTHEW:MatthewHT"]
[Result "0-1"]
[ICCResult "White checkmated"]
[WhiteElo "1286"]
[BlackElo "1037"]
[Opening "Philidor's defense"]
[ECO "C41"]
[NIC "KP.10"]
[Time "11:01:52"]
[PlyCount "72"]
[TimeControl "2700+10"]

1. e4 e5 2. Nf3 d6 3. Bc4 Nf6 4. Nc3 Be7 5. d4 Nbd7 6. O-O O-O 7. dxe5 dxe5
8. Bg5 c6 9. a4 a5 10. Qe2 Qc7 11. Rad1 Nc5 12. Ne1 Be6 13. Bxe6 Nxe6 14.
Bh4 Nf4 15. Qf3 h6 16. Nd3 Ne6 17. Bg3 Bd6 18. Ne2 Rad8 19. Bh4 Be7 20.
Bxf6 Bxf6 21. Qe3 Bg5 22. f4 exf4 23. Qf3 f5 24. e5 Rd5 25. Ndxf4 Rxe5 26.
Ng6 Re3 27. Qf2 Rf6 28. Ngf4 Nxf4 29. Nxf4 Bxf4 30. Qxf4 Qxf4 31. Rxf4 Re2
32. Rc4 Rg6 33. g3 Rg4 34. Rc5 Rxa4 35. Rd8+ Kh7 36. Ra8 Ra1# { White
checkmated } 0-1

[Event "ICC tourney 2459 (45 10)"]
[Site "Internet Chess Club"]
[Date "2021.03.20"]
[Round "1"]
[White "DELABRE, TONY:tdelabre62"]
[Black "STALEY, TIMOTHY:PirateKing"]
[Result "1-0"]
[ICCResult "Black resigns"]
[WhiteElo "1171"]
[BlackElo "864"]
[Opening "Caro-Kann: classical variation"]
[ECO "B18"]
[NIC "CK.10"]
[Time "11:02:08"]
[PlyCount "71"]
[TimeControl "2700+10"]

1. e4 c6 2. d4 d5 3. Nc3 dxe4 4. Nxe4 Bf5 5. Ng3 Bg6 6. Nf3 h6 7. Be3 e6 8.
Bd3 Bxd3 9. Qxd3 Bd6 10. Ne4 Bc7 11. Qb3 b6 12. O-O Nf6 13. Nxf6+ Qxf6 14.
c4 O-O 15. Rac1 Nd7 16. Rfd1 Bf4 17. Kf1 Bxe3 18. Qxe3 Rfe8 19. b3 c5 20.
dxc5 Nxc5 21. b4 Nb7 22. Ne5 Nd8 23. c5 bxc5 24. bxc5 Rc8 25. c6 Qe7 26.
Rd7 Qf6 27. Rxa7 Re7 28. c7 Rexc7 29. Raxc7 Rxc7 30. Rxc7 Kh7 31. Qe4+ g6
32. a4 Qg5 33. f4 Qh4 34. Qxg6+ Kh8 35. Nxf7+ Nxf7 36. Rxf7 { Black resigns
} 1-0

[Event "ICC tourney 2459 (45 10)"]
[Site "Internet Chess Club"]
[Date "2021.03.20"]
[Round "1"]
[White "procopio, Patti:prostripe"]
[Black "NARSINA, AARUSH:aarush-narsina"]
[Result "1-0"]
[ICCResult "Black checkmated"]
[WhiteElo "1223"]
[BlackElo "957"]
[Opening "Queen's gambit declined"]
[ECO "D30"]
[NIC "QP.08"]
[Time "11:02:25"]
[PlyCount "75"]
[TimeControl "2700+10"]

1. d4 d5 2. c4 e6 3. cxd5 exd5 4. Nf3 Nc6 5. a3 Nf6 6. Bf4 Bd6 7. Bg3 O-O
8. e3 Bg4 9. Be2 Re8 10. Nbd2 Qd7 11. Bxd6 Qxd6 12. h3 Bh5 13. O-O Rad8 14.
Qb3 b6 15. Bb5 Ra8 16. Ne5 Nxe5 17. Bxe8 Rxe8 18. dxe5 Rxe5 19. Qc3 Rg5 20.
f4 Rg6 21. Rac1 c5 22. Rf2 Qd7 23. f5 Rg5 24. Qe5 g6 25. Rcf1 Ne4 26. Nxe4
dxe4 27. Qxe4 gxf5 28. Rxf5 Rxf5 29. Rxf5 Bg6 30. Qa8+ Kg7 31. Rf2 a5 32.
Qb8 Qc6 33. Qe5+ Kh6 34. Qf4+ Kg7 35. h4 h5 36. Qg3 Qe4 37. Rxf7+ Kh6 38.
Qg5# { Black checkmated } 1-0

[Event "ICC tourney 2459 (45 10)"]
[Site "Internet Chess Club"]
[Date "2021.03.20"]
[Round "1"]
[White "QI, JENNY:eevee11"]
[Black "SALAZAR, LUIS:zarman"]
[Result "1-0"]
[ICCResult "Black checkmated"]
[WhiteElo "1020"]
[BlackElo "1271"]
[Opening "Latvian counter-gambit"]
[ECO "C40"]
[NIC "KP.09"]
[Time "11:01:44"]
[PlyCount "123"]
[TimeControl "2700+10"]

1. e4 e5 2. Nf3 f5 3. Nxe5 Qf6 4. d4 d6 5. Nf3 fxe4 6. Qe2 d5 7. c4 c6 8.
Nc3 Be6 9. Ne5 Bd6 10. Qh5+ g6 11. Qg5 Qg7 12. c5 Bc7 13. Be3 Nd7 14. f4
exf3 15. Nxf3 Ne7 16. Qh4 Nf5 17. Qf2 O-O 18. Bd3 Rae8 19. O-O Nf6 20. Rae1
Ng4 21. Qd2 Ngxe3 22. Bxf5 Bxf5 23. Rxe3 Bf4 24. Rfe1 Qh6 25. Nd1 Bg4 26.
Qf2 Bxf3 27. gxf3 Qg5+ 28. Kh1 Bxe3 29. Rxe3 Rxe3 30. Qxe3 Qxe3 31. Nxe3
Rxf3 32. Ng4 Rd3 33. Kg2 Rxd4 34. Kf3 Rxg4 35. Kxg4 Kf7 36. Kf4 Kf6 37. b4
h5 38. h4 b6 39. cxb6 axb6 40. a4 g5+ 41. hxg5+ Kg6 42. a5 bxa5 43. bxa5 h4
44. a6 h3 45. Kg3 d4 46. a7 h2 47. Kxh2 d3 48. a8=Q d2 49. Qd8 d1=Q 50.
Qxd1 Kxg5 51. Qc1+ Kf5 52. Qxc6 Ke5 53. Qc4 Kd6 54. Qb5 Ke6 55. Kg3 Kf6 56.
Kg4 Ke6 57. Kf4 Kf6 58. Qb6+ Ke7 59. Kf5 Kf7 60. Qb7+ Kg8 61. Kg6 Kf8 62.
Qf7# { Black checkmated } 1-0

[Event "ICC tourney 2459 (45 10)"]
[Site "Internet Chess Club"]
[Date "2021.03.20"]
[Round "2"]
[White "HUA, OLIVER:oxdidi"]
[Black "BYLUND, ANDREW:khacs"]
[Result "1-0"]
[ICCResult "Black checkmated"]
[WhiteElo "993"]
[BlackElo "893"]
[Opening "Giuoco Pianissimo"]
[ECO "C55"]
[NIC "IG.01"]
[Time "13:32:23"]
[PlyCount "39"]
[TimeControl "2700+10"]

1. e4 e5 2. Nf3 Nc6 3. Bc4 Nf6 4. d3 Bc5 5. c3 d6 6. h3 a6 7. Nbd2 b5 8.
Bb3 a5 9. O-O a4 10. Bc2 O-O 11. Re1 Be6 12. Nf1 h6 13. Ng3 Ne7 14. d4 exd4
15. cxd4 Bb4 16. Bd2 Ba5 17. Bxa5 Rxa5 18. Qd3 c6 19. e5 Nfd5 20. Qh7# {
Black checkmated } 1-0

[Event "ICC tourney 2459 (45 10)"]
[Site "Internet Chess Club"]
[Date "2021.03.20"]
[Round "2"]
[White "HAUGHT-TROMP, MATTHEW:MatthewHT"]
[Black "DELABRE, TONY:tdelabre62"]
[Result "1-0"]
[ICCResult "Black resigns"]
[WhiteElo "1037"]
[BlackElo "1171"]
[Opening "Petrov: Italian variation"]
[ECO "C42"]
[NIC "RG.01"]
[Time "13:32:45"]
[PlyCount "35"]
[TimeControl "2700+10"]

1. e4 e5 2. Nf3 Nf6 3. Bc4 Bd6 4. O-O O-O 5. Re1 b6 6. d4 exd4 7. e5 Bxe5
8. Nxe5 d5 9. Bb3 c5 10. c4 dxc3 11. Nxc3 d4 12. Ne4 Nxe4 13. Rxe4 Bb7 14.
Rg4 Qf6 15. Qe2 Kh8 16. Rf4 Qg5 17. Nxf7+ Rxf7 18. Qe8+ { Black resigns }
1-0

[Event "ICC tourney 2459 (45 10)"]
[Site "Internet Chess Club"]
[Date "2021.03.20"]
[Round "2"]
[White "CAO, DANIEL:danielcao"]
[Black "PATEL, SOHAM:SPBrain"]
[Result "1-0"]
[ICCResult "Black checkmated"]
[WhiteElo "1121"]
[BlackElo "1241"]
[Opening "Petrov's defense"]
[ECO "C42"]
[NIC "RG.03"]
[Time "13:32:22"]
[PlyCount "55"]
[TimeControl "2700+10"]

1. e4 e5 2. Nf3 Nf6 3. Nxe5 Nc6 4. Nf3 Nxe4 5. Nc3 d5 6. Qe2 Qe7 7. Nxd5
Qd8 8. Qxe4+ Be6 9. Bc4 Na5 10. b3 Nxc4 11. bxc4 Bd6 12. O-O O-O 13. Nf4
Re8 14. Nxe6 Rxe6 15. Qxb7 c6 16. Nd4 Rh6 17. Nf3 a5 18. d3 Rg6 19. Bg5 f6
20. Bh4 Rc8 21. Qb3 Qd7 22. c5+ Kh8 23. cxd6 Qg4 24. Bg3 f5 25. Ne5 Qg5 26.
Nf7+ Kg8 27. Nh6+ Kf8 28. Qf7# { Black checkmated } 1-0

[Event "ICC tourney 2459 (45 10)"]
[Site "Internet Chess Club"]
[Date "2021.03.20"]
[Round "2"]
[White "Chandler, Brooks :Tebow2Baker"]
[Black "CHEN, LEON TINGQUAN:leonlunachen"]
[Result "1-0"]
[ICCResult "Black resigns"]
[WhiteElo "1226"]
[BlackElo "1052"]
[Opening "Queen's pawn, Mason variation"]
[ECO "D00"]
[NIC "QP.08"]
[Time "13:32:24"]
[PlyCount "55"]
[TimeControl "2700+10"]

1. d4 d5 2. Bf4 e6 3. e3 Nf6 4. c3 c5 5. Bd3 Nc6 6. Nf3 Bd6 7. Bg3 a6 8.
Nbd2 b5 9. O-O h5 10. Bh4 Be7 11. dxc5 Bxc5 12. e4 Bd6 13. exd5 exd5 14.
Nb3 Bg4 15. Be2 Qc7 16. Bxf6 gxf6 17. Qxd5 O-O-O 18. Qe4 Rde8 19. Qc2 Bxf3
20. Bxf3 Bxh2+ 21. Kh1 Bd6 22. Qf5+ Kb8 23. Qxf6 Re6 24. Qxh8+ Ka7 25. Bxc6
Qxc6 26. Nd4 Qc4 27. b3 Qxc3 28. Nxb5+ { Black resigns } 1-0

[Event "ICC tourney 2459 (45 10)"]
[Site "Internet Chess Club"]
[Date "2021.03.20"]
[Round "2"]
[White "STALEY, TIMOTHY:PirateKing"]
[Black "SIMPSON, CHARLES D:The-Rider"]
[Result "0-1"]
[ICCResult "White checkmated"]
[WhiteElo "864"]
[BlackElo "1204"]
[Opening "Queen's pawn, Mason variation"]
[ECO "D00"]
[NIC "QP.08"]
[Time "13:32:29"]
[PlyCount "74"]
[TimeControl "2700+10"]

1. d4 d5 2. Bf4 h5 3. Nf3 Nc6 4. e3 Bg4 5. Nbd2 e6 6. Be2 Bb4 7. c3 Bxf3 8.
Bxf3 Ba5 9. b4 Bb6 10. h3 e5 11. dxe5 g5 12. Bh2 h4 13. O-O Qe7 14. e6 fxe6
15. Bg4 Nf6 16. Bf3 O-O-O 17. Re1 Ne4 18. Qc2 Nxd2 19. Qxd2 e5 20. Bg4+ Kb8
21. a4 a6 22. a5 Ba7 23. Rab1 e4 24. Qa2 Ne5 25. Be2 Nd3 26. Bxd3 exd3 27.
Red1 Qe6 28. Rxd3 g4 29. hxg4 Qxg4 30. f3 Qg8 31. Be5 d4 32. Bxh8 Qxa2 33.
Rf1 Rxh8 34. exd4 h3 35. gxh3 Rxh3 36. Rf2 Qb1+ 37. Kg2 Qh1# { White
checkmated } 0-1

[Event "ICC tourney 2459 (45 10)"]
[Site "Internet Chess Club"]
[Date "2021.03.20"]
[Round "2"]
[White "NARSINA, ANKIT:ankit-narsina"]
[Black "Bylund, Anders:ashshy"]
[Result "0-1"]
[ICCResult "White checkmated"]
[WhiteElo "208"]
[BlackElo "1045"]
[Opening "Alekhine's defense: Scandinavian variation"]
[ECO "B02"]
[NIC "AL.10"]
[Time "13:32:32"]
[PlyCount "70"]
[TimeControl "2700+10"]

1. e4 Nf6 2. Nc3 d5 3. exd5 Nxd5 4. Nxd5 Qxd5 5. d3 Nc6 6. Nf3 Bg4 7. Be2
e6 8. c4 Bb4+ 9. Bd2 Qd6 10. Bxb4 Nxb4 11. Qa4+ c6 12. d4 O-O 13. c5 Qf4
14. Qxb4 Rab8 15. Qd2 Qf6 16. O-O Rfd8 17. Rad1 Bxf3 18. Bxf3 e5 19. Qa5
exd4 20. Qxa7 d3 21. Qa3 d2 22. Qc3 Qg5 23. h4 Qh6 24. b4 Rd7 25. Qe3 Qxh4
26. Rxd2 Re7 27. Qd3 g5 28. g4 Re6 29. Rfd1 Rh6 30. Kf1 Re8 31. Re1 Qh3+
32. Bg2 Rxe1+ 33. Kxe1 Qxg2 34. f3 Rh1+ 35. Qf1 Qxf1# { White checkmated }
0-1

[Event "ICC tourney 2459 (45 10)"]
[Site "Internet Chess Club"]
[Date "2021.03.20"]
[Round "2"]
[White "KARLIN, ARI Z.:arikarlin1"]
[Black "REITZ, BARTLEY:reitzbart"]
[Result "1-0"]
[ICCResult "Black checkmated"]
[WhiteElo "259"]
[BlackElo "984"]
[Opening "Sicilian"]
[ECO "B53"]
[NIC "SI.01"]
[Time "13:32:27"]
[PlyCount "69"]
[TimeControl "2700+10"]

1. e4 c5 2. Nf3 d6 3. d4 cxd4 4. Bb5+ Bd7 5. Bxd7+ Nxd7 6. Nxd4 Ngf6 7. Nc3
g6 8. O-O Bg7 9. Nde2 Rc8 10. Ng3 O-O 11. Nd5 Nc5 12. Re1 Qd7 13. e5 dxe5
14. Nxf6+ Bxf6 15. Qxd7 Nxd7 16. c3 Bg7 17. Bg5 f6 18. Be3 b6 19. Rad1 Rfd8
20. a4 Nc5 21. a5 Nd3 22. Re2 bxa5 23. Red2 e4 24. Nxe4 f5 25. Nc5 e5 26.
Ne6 Rd5 27. Rxd3 Rb5 28. Nxg7 Rxb2 29. Ne6 f4 30. Bxa7 Kf7 31. Ng5+ Kg7 32.
h4 Rb7 33. Rd7+ Rxd7 34. Rxd7+ Kf6 35. Rf7# { Black checkmated } 1-0

[Event "ICC tourney 2459 (45 10)"]
[Site "Internet Chess Club"]
[Date "2021.03.20"]
[Round "2"]
[White "LANKIPALLE, PRANEETH:kookiefalcon"]
[Black "procopio, Patti:prostripe"]
[Result "1-0"]
[ICCResult "Black checkmated"]
[WhiteElo "1057"]
[BlackElo "1223"]
[Opening "Caro-Kann: Panov-Botvinnik attack, 5...e6"]
[ECO "B14"]
[NIC "CK.03"]
[Time "13:32:29"]
[PlyCount "75"]
[TimeControl "2700+10"]

1. e4 c6 2. d4 d5 3. exd5 cxd5 4. c4 Nf6 5. Nc3 e6 6. Bg5 h6 7. Bh4 Be7 8.
cxd5 exd5 9. Bd3 Nc6 10. Nge2 O-O 11. O-O Qb6 12. Bxf6 Bxf6 13. Nxd5 Qd8
14. Nxf6+ Qxf6 15. d5 Ne5 16. Nc3 Nxd3 17. Qxd3 a6 18. Rfe1 Bf5 19. Qf3
Rad8 20. Rad1 Qg5 21. h3 Rd7 22. Re5 g6 23. Rde1 Rfd8 24. Kh2 h5 25. Ne4
Qh4 26. Ng3 Bc2 27. Re8+ Kg7 28. Rxd8 Qxd8 29. Qc3+ Qf6 30. Qxc2 Rxd5 31.
Kg1 Qb6 32. Qc3+ f6 33. Re7+ Kh6 34. Qc1+ g5 35. Qc8 Rd1+ 36. Kh2 Rd8 37.
Nf5+ Kg6 38. Rg7# { Black checkmated } 1-0

[Event "ICC tourney 2459 (45 10)"]
[Site "Internet Chess Club"]
[Date "2021.03.20"]
[Round "2"]
[White "Goldblatt, Steven:SGOLD9367"]
[Black "GUO, MAX:salamenceg"]
[Result "1-0"]
[ICCResult "Black resigns"]
[WhiteElo "1318"]
[BlackElo "1067"]
[Opening "King's Indian defense"]
[ECO "E60"]
[NIC "KI.80"]
[Time "13:32:23"]
[PlyCount "123"]
[TimeControl "2700+10"]

1. d4 Nf6 2. c4 g6 3. Bg5 d5 4. e3 Bg7 5. Nc3 Ne4 6. Nxe4 dxe4 7. Ne2 c5 8.
Qd2 Nc6 9. Rd1 Nb4 10. Nc1 Bg4 11. Be2 Bxe2 12. Qxe2 cxd4 13. exd4 h6 14.
Bf4 f5 15. a3 Nc6 16. Be3 Qc7 17. O-O e5 18. dxe5 Nxe5 19. Bf4 Nf3+ 20.
Qxf3 Qxc4 21. Qb3 Qxb3 22. Nxb3 Bxb2 23. Rd6 g5 24. Be5 Bxe5 25. Re6+ Kf7
26. Rxe5 Kf6 27. Rd5 Rhd8 28. Rfd1 Rxd5 29. Rxd5 Ke6 30. Rb5 Rd8 31. g3 b6
32. Rb4 Rd3 33. a4 Kd6 34. Rd4+ Ke5 35. Rxd3 exd3 36. Kf1 Kd5 37. Ke1 Kc4
38. Nc1 Kc3 39. Kd1 Kb4 40. a5 Kxa5 41. Nxd3 Kb5 42. Kc2 a5 43. Kb3 a4+ 44.
Ka3 Ka5 45. Ne5 b5 46. Nf7 b4+ 47. Ka2 a3 48. Kb3 Kb6 49. Nxh6 f4 50. Nf7
fxg3 51. hxg3 g4 52. Ne5 Kc5 53. Nxg4 Kd6 54. Ne3 Ke5 55. Nc2 Ke4 56. f4
Kf5 57. Nd4+ Ke4 58. f5 Kxd4 59. f6 a2 60. Kxa2 Kc3 61. Kb1 Kb3 62. f7 {
Black resigns } 1-0

[Event "ICC tourney 2459 (45 10)"]
[Site "Internet Chess Club"]
[Date "2021.03.20"]
[Round "2"]
[White "MALONE, STEVEN CURTIS:YucaipaSteve"]
[Black "XIONG, ELEYN CHEN:Eleyn"]
[Result "0-1"]
[ICCResult "White checkmated"]
[WhiteElo "912"]
[BlackElo "1193"]
[Opening "QGD Slav defense: exchange variation"]
[ECO "D10"]
[NIC "SL.01"]
[Time "13:32:23"]
[PlyCount "66"]
[TimeControl "2700+10"]

1. d4 d5 2. c4 c6 3. cxd5 cxd5 4. Nf3 Nc6 5. Nc3 Bf5 6. Bf4 e6 7. e3 Bd6 8.
Bg3 Nf6 9. a3 O-O 10. Bd3 Ne4 11. Qc2 Qa5 12. O-O Nxg3 13. fxg3 Bg6 14. b4
Qc7 15. Nb5 Qd7 16. Nxd6 Qxd6 17. b5 Na5 18. Ne5 Rac8 19. Qb1 Nc4 20. Nxc4
Rxc4 21. Bxg6 fxg6 22. Rf3 Rxf3 23. gxf3 Rc3 24. Kf2 Rxa3 25. Qb2 Rxa1 26.
Qxa1 Qb6 27. Qa4 Kf7 28. h4 Kf6 29. f4 h6 30. Kf3 a6 31. bxa6 Qxa6 32. Qe8
Qf1+ 33. Kg4 h5# { White checkmated } 0-1

[Event "ICC tourney 2459 (45 10)"]
[Site "Internet Chess Club"]
[Date "2021.03.20"]
[Round "2"]
[White "BAREKET, NIMROD:nb12"]
[Black "QI, JENNY:eevee11"]
[Result "1/2-1/2"]
[ICCResult "Game drawn because neither player has mating material"]
[WhiteElo "1212"]
[BlackElo "1020"]
[Opening "Scotch gambit: Vitzhum attack"]
[ECO "C44"]
[NIC "SO.06"]
[Time "13:32:28"]
[PlyCount "154"]
[TimeControl "2700+10"]

1. e4 e5 2. Nf3 Nc6 3. d4 exd4 4. Bc4 Bc5 5. Ng5 Nh6 6. Qh5 O-O 7. Bxf7+
Kh8 8. O-O Qe7 9. Bb3 Na5 10. Nf3 Nxb3 11. axb3 d6 12. Bxh6 gxh6 13. Nbd2
Qg7 14. h3 Qg6 15. Qxg6 hxg6 16. e5 dxe5 17. Nxe5 Kg7 18. Ndf3 Bd6 19. Nc4
Bxh3 20. Nxd6 cxd6 21. Nxd4 Bf5 22. Nxf5+ Rxf5 23. Rfe1 Re5 24. Kf1 Rxe1+
25. Kxe1 a6 26. Kd2 Rf8 27. f3 Kf6 28. Re1 Kf7 29. Kd3 Re8 30. Rxe8 Kxe8
31. Kd4 Ke7 32. Kd5 Kd7 33. b4 b6 34. b3 b5 35. f4 g5 36. fxg5 hxg5 37. g4
Ke7 38. Kc6 Ke6 39. Kb6 Ke5 40. Kxa6 Kf4 41. Kxb5 Kxg4 42. Kc6 Kf3 43. b5
g4 44. b6 g3 45. b7 g2 46. b8=Q g1=Q 47. Qf8+ Ke2 48. Qe7+ Kd1 49. Qxd6+
Kxc2 50. b4 Qg2+ 51. Qd5 Qg6+ 52. Kc5 Qg1+ 53. Kb5 Qa7 54. Qc4+ Kb2 55.
Qe2+ Ka1 56. Qd1+ Kb2 57. Qd2+ Ka1 58. Qc1+ Ka2 59. Qc2+ Ka3 60. Qc1+ Ka2
61. Qd2+ Ka3 62. Qc3+ Ka2 63. Qc6 Qb8+ 64. Qb6 Qe8+ 65. Ka6 Qa8+ 66. Qa7
Qc6+ 67. Qb6 Qa8+ 68. Kb5 Qd5+ 69. Qc5 Qb7+ 70. Kc4 Qe4+ 71. Qd4 Qc6+ 72.
Kd3 Qf3+ 73. Qe3 Qd5+ 74. Ke2 Qc4+ 75. Qd3 Qxb4 76. Qc2+ Qb2 77. Qxb2+ Kxb2
{ Game drawn because neither player has mating material } 1/2-1/2

[Event "ICC tourney 2459 (45 10)"]
[Site "Internet Chess Club"]
[Date "2021.03.20"]
[Round "2"]
[White "SALAZAR, LUIS:zarman"]
[Black "HELLER, JACK G:Maximusiv"]
[Result "1-0"]
[ICCResult "Black resigns"]
[WhiteElo "1271"]
[BlackElo "932"]
[Opening "English: Carls' Bremen system"]
[ECO "A22"]
[NIC "EO.10"]
[Time "13:32:33"]
[PlyCount "93"]
[TimeControl "2700+10"]

1. c4 Nf6 2. Nc3 e5 3. g3 Bc5 4. Bg2 Nc6 5. e3 d6 6. a3 Bf5 7. Nge2 Bg4 8.
h3 Bh5 9. f4 exf4 10. exf4 Bg6 11. d4 Bb6 12. b4 a6 13. c5 dxc5 14. dxc5
Ba7 15. O-O O-O 16. f5 Bh5 17. g4 Bxg4 18. hxg4 Nxg4 19. Nd5 Qh4 20. Bf4
Rfe8 21. Rf3 Re4 22. Bg3 Qg5 23. Nec3 Rd4 24. Qe2 Rd2 25. Qe4 Nd4 26. Rd3
Rxd3 27. Qxd3 Nxf5 28. Ne4 Qh6 29. Qf3 Qg6 30. Qxf5 Qxf5 31. Ne7+ Kf8 32.
Nxf5 Re8 33. Bf3 Ne5 34. Bg2 b6 35. Rd1 bxc5 36. Nxc5 Nc4 37. a4 Na3 38.
Bc6 Rb8 39. Bxc7 Rc8 40. Bd6+ Kg8 41. Ne7+ Kh8 42. Nxc8 h5 43. Nxa7 Kh7 44.
Be4+ Kh6 45. Bf4+ g5 46. Rd6+ Kg7 47. Bxg5 { Black resigns } 1-0

[Event "ICC tourney 2459 (45 10)"]
[Site "Internet Chess Club"]
[Date "2021.03.20"]
[Round "3"]
[White "SIMPSON, CHARLES D:The-Rider"]
[Black "KARLIN, ARI Z.:arikarlin1"]
[Result "0-1"]
[ICCResult "White resigns"]
[WhiteElo "1204"]
[BlackElo "259"]
[Opening "Budapest defense"]
[ECO "A52"]
[NIC "QG.01"]
[Time "16:01:25"]
[PlyCount "20"]
[TimeControl "2700+10"]

1. d4 Nf6 2. c4 e5 3. dxe5 Ng4 4. h3 Nxe5 5. Bf4 Nxc4 6. Qd4 d5 7. e3 Nc6
8. Qc3 Bb4 9. Qxb4 Nxb4 10. Bxc4 Nc2+ { White resigns } 0-1

[Event "ICC tourney 2459 (45 10)"]
[Site "Internet Chess Club"]
[Date "2021.03.20"]
[Round "3"]
[White "CAO, DANIEL:danielcao"]
[Black "Chandler, Brooks :Tebow2Baker"]
[Result "1-0"]
[ICCResult "Black resigns"]
[WhiteElo "1121"]
[BlackElo "1226"]
[Opening "French: advance, Wade variation"]
[ECO "C02"]
[NIC "FR.03"]
[Time "16:01:22"]
[PlyCount "63"]
[TimeControl "2700+10"]

1. e4 e6 2. d4 d5 3. e5 c5 4. c3 Qb6 5. Nf3 Bd7 6. Bd3 Bb5 7. O-O Bxd3 8.
Qxd3 cxd4 9. cxd4 Nc6 10. Nc3 a6 11. a3 Nge7 12. Be3 Nf5 13. b4 Be7 14. Na4
Qa7 15. Nc5 b6 16. Nxa6 Qxa6 17. Qxa6 Rxa6 18. b5 Rxa3 19. Rxa3 Bxa3 20.
bxc6 Bb4 21. Ra1 Ba5 22. Bd2 Ne7 23. Bxa5 bxa5 24. Rxa5 Nxc6 25. Ra8+ Nd8
26. Ng5 h6 27. Rxd8+ Kxd8 28. Nxf7+ Kc7 29. Nxh8 Kb6 30. Kf1 Kb5 31. Ke2
Kc4 32. Ke3 { Black resigns } 1-0